 Dungeon Crawl Stone Soup version 0.19-a0-1903-gead39cf (webtiles) character file.

145 LORDOFBUTT the Sneak (level 5, -2/27 HPs)
             Began as a Spriggan Assassin on Oct 20, 2016.
             Killed from afar by Natasha (5 damage)
             ... with a magic dart
             ... on level 3 of the Dungeon.
             The game lasted 00:05:55 (3641 turns).

LORDOFBUTT the Sneak (Spriggan Assassin)            Turns: 3641, Time: 00:05:56

Health: -2/27      AC:  3    Str:  8    XL:     5   Next: 6%
Magic:  6/6        EV: 17    Int: 13    God:
Gold:   91         SH:  0    Dex: 17    Spells: 0 memorised, 4 levels left

rFire  . . .     SeeInvis +     b - +0 blowgun
rCold  . . .     Gourm    .     c - +0 robe
rNeg   . . .     Faith    .     (shield restricted)
rPois  .         Spirit   .     (helmet restricted)
rElec  .         Reflect  .     d - +0 cloak
rCorr  .         Harm     .     (gloves unavailable)
MR     .....                    (boots unavailable)
Stlth  ++++......               (no amulet)
                                (no ring)
                                (no ring)

@: very quick
A: unfitting armour, see invisible, herbivore 3, speed 3, slow metabolism 2
a: no special abilities


You were on level 3 of the Dungeon.
You were full.

You visited 1 branch of the dungeon, and saw 3 of its levels.

You collected 91 gold pieces.

Inventory:

Hand Weapons
 a - a +2 dagger
 b - a +0 blowgun (weapon)
Missiles
 e - 4 poisoned needles (quivered)
Armour
 c - a +0 robe (worn)
 d - a +0 cloak (worn)
Jewellery
 t - an uncursed ring of ice
Potions
 k - 3 potions of curing
 l - a potion of resistance
 p - a potion of heal wounds {unknown}
 r - a potion of flight {unknown}
 s - a potion of mutation {unknown}


   Skills:
 + Level 2.3 Fighting
 + Level 3.5 Short Blades
 + Level 2.5 Throwing
 + Level 2.4 Dodging
 + Level 7.3 Stealth


You had 4 spell levels left.
You didn't know any spells.

Dungeon Overview and Level Annotations

Branches:
Dungeon (3/15)

Altars:

Annotations:
D:3 Natasha, Purgy


Innate Abilities, Weirdness & Mutations

You are very small and have problems with some larger weapons.
You are too small for most types of armour.
You have supernaturally acute eyesight. (SInv)
You are a herbivore.
You cover ground extremely quickly.
You need consume almost no food.


Message History

You hit the adder zombie.
You destroy the adder zombie!
Natasha, Servant of Life and Death comes into view.
Wield which item (- for none, * to show all)? (? for menu, Esc to quit)
b - a +0 blowgun (weapon)
Firing (i - inventory):
e - 6 poisoned needles (quivered)
Press: ? - help, Shift-Dir - straight line, f - worm
Aim: a worm You shoot a poisoned needle.
The poisoned needle hits the worm.
The worm is poisoned.
Firing (i - inventory):
e - 5 poisoned needles (quivered)
Press: ? - help, Shift-Dir - straight line, f/p - worm
Aim: a worm (lightly wounded, poisoned)
You shoot a poisoned needle. The poisoned needle hits the worm.
The worm looks even sicker.
The worm is lightly wounded.
Natasha extends her claws.
Natasha stares at you and mumbles some strange words.
The magic dart hits you!
You die...

*#......,, #### ######..).....,
...####### ##.............,
##.......# ####..#h..........,
.........######...$..........w.[,
......................##........,
..............(..................
............##...................
................@..(w(...........
.......<....##....<..............
.#........#..#(.........$.##.....
.#........##.#................#.,
>###.........#######.###...####,,
.# ##.#......### #.#...#.# *,. .#
#.#..#.....#####...###.####.. ##
#.#..##...................... ##
#.##.###.....#.##.#.#........


You could see a worm and Natasha.

Vanquished Creatures
  Jessica (D:2)
  Natasha (D:3)
  Robin (D:3)
  2 adders (D:2)
  An adder zombie (D:3)
  A dart slug (D:1)
  2 leopard geckos
  A giant cockroach (D:1)
  14 goblins
  10 hobgoblins
  2 jackals (D:2)
  6 kobolds
  2 quokkas
  4 bats
  4 frilled lizards
  7 rats
59 creatures vanquished.

Notes
Turn   | Place    | Note
-------+----------+-------------------------------------------
     0 | D:1      | LORDOFBUTT the Spriggan Assassin began the quest for the Orb.
     0 | D:1      | Reached XP level 1. HP: 10/10 MP: 2/2
    55 | D:1      | Reached skill level 6 in Stealth
   288 | D:1      | Reached XP level 2. HP: 10/15 MP: 3/3
  1231 | D:2      | Reached XP level 3. HP: 14/18 MP: 4/4
  2011 | D:3      | Noticed Purgy
  2012 | D:3      | Noticed Natasha
  2018 | D:3      | Noticed Jessica
  2275 | D:2      | Killed Jessica
  2275 | D:2      | Reached skill level 7 in Stealth
  2275 | D:2      | Reached XP level 4. HP: 9/23 MP: 5/5
  3144 | D:3      | Noticed Robin
  3484 | D:3      | Killed Robin
  3613 | D:3      | HP: 1/23 [Natasha (8)]
  3626 | D:3      | Killed Natasha
  3626 | D:3      | Reached XP level 5. HP: 2/26 MP: 6/6
  3637 | D:3      | Noticed Natasha
  3641 | D:3      | Killed from afar by Natasha

Vault maps used:
D:1:      denvon_arrival_planthouse
D:3:      uniq_jessica, uniq_natasha, uniq_purgy, uniq_robin

Skill      XL: |  1  2  3  4 |
---------------+-------------+-----
Stealth        | 6 7 |  7.3
Short Blades   | 3 |  3.5
Dodging        | 2 |  2.4
Fighting       | 2 |  2.3
Throwing       | |  2.5

Action                   |  1- 3 |  4- 6 || total
-------------------------+-------+-------++-------
Melee: Dagger            |   140 |    77 ||   217
 Fire: Blowgun           |     8 |    20 ||    28
  Use: Scroll            |       |     8 ||     8
 Stab: Sleeping          |    12 |       ||    12
       Distracted        |     1 |       ||     1
  Eat: Bread ration      |       |     1 ||     1
Armor: Robe              |    13 |    13 ||    26
Dodge: Dodged            |    87 |    85 ||   172
